[Event "ICC tourney 2556 (25 5)"]
[Site "Internet Chess Club"]
[Date "2021.05.09"]
[Round "8"]
[White "WEST, VIVIAN:K05-30142565"]
[Black "BLACKWOOD, ZAHIR:K05-16439887"]
[Result "0-1"]
[ICCResult "White checkmated"]
[WhiteElo "101"]
[BlackElo "487"]
[Opening "Bishop's opening"]
[ECO "C23"]
[NIC "IG.04"]
[Time "17:30:39"]
[PlyCount "66"]
[TimeControl "1500+5"]

1. e4 e5 2. Bc4 Qe7 3. Nc3 Nc6 4. Nf3 Nf6 5. d3 d6 6. Bg5 Bg4 7. h3 Bxf3 8.
Qxf3 Nd4 9. Qd1 h6 10. Bh4 O-O-O 11. Bxf6 Qxf6 12. Qd2 Re8 13. O-O-O g6 14.
Rhe1 h5 15. Re3 Bh6 16. Nb5 Bxe3 17. Qxe3 Nxb5 18. Bxb5 c6 19. Ba4 Qe6 20.
Bb3 d5 21. exd5 cxd5 22. Qxa7 Re7 23. Qa8+ Kd7 24. Qxh8 Re8 25. Qg7 Qf5 26.
g4 Qg5+ 27. Rd2 Re6 28. Qxf7+ Re7 29. Qf8 Re8 30. Qf3 e4 31. dxe4 Rxe4 32.
Qf7+ Kd6 33. Qxb7 Re1# { White checkmated } 0-1

[Event "ICC tourney 2556 (25 5)"]
[Site "Internet Chess Club"]
[Date "2021.05.09"]
[Round "8"]
[White "ZHU, ISABELLA:K05-16795777"]
[Black "BANG, ADITYA:K05-16841804"]
[Result "0-1"]
[ICCResult "White checkmated"]
[WhiteElo "1058"]
[BlackElo "1428"]
[Opening "Pirc defense"]
[ECO "B07"]
[NIC "PU.07"]
[Time "17:31:02"]
[PlyCount "62"]
[TimeControl "1500+5"]

1. e4 d6 2. d4 Nf6 3. Nc3 g6 4. Be3 Bg7 5. Be2 O-O 6. Qd2 Re8 7. O-O-O c6
8. h4 h5 9. f3 b5 10. g4 b4 11. Na4 Qa5 12. b3 Nbd7 13. gxh5 Nb6 14. Nb2
Qxa2 15. Qxb4 Qa1+ 16. Kd2 Qxb2 17. Ke1 Nbd5 18. Qd2 Nxe3 19. Qxe3 Nxh5 20.
f4 c5 21. dxc5 Qc3+ 22. Qxc3 Bxc3+ 23. Kf2 Nxf4 24. Bf3 dxc5 25. h5 Bd4+
26. Kg3 Nxh5+ 27. Bxh5 gxh5 28. Rxh5 f6 29. Nf3 Kf7 30. e5 Rg8+ 31. Kf4
Rg4# { White checkmated } 0-1

[Event "ICC tourney 2556 (25 5)"]
[Site "Internet Chess Club"]
[Date "2021.05.09"]
[Round "8"]
[White "CARPENTER, CHARLES:K05-30129267"]
[Black "YANG, ANGIE:K05-16341612"]
[Result "0-1"]
[ICCResult "White checkmated"]
[WhiteElo "490"]
[BlackElo "932"]
[Opening "Scotch opening"]
[ECO "C44"]
[NIC "KP.10"]
[Time "17:30:58"]
[PlyCount "64"]
[TimeControl "1500+5"]

1. e4 e5 2. Nf3 Nc6 3. d4 d6 4. dxe5 dxe5 5. Qxd8+ Kxd8 6. Ng5 Ke8 7. Nf3
Nf6 8. Nc3 Bc5 9. Bc4 Ke7 10. O-O Re8 11. Nd5+ Nxd5 12. Bxd5 Kf8 13. Ng5
Kg8 14. Bxf7+ Kf8 15. Bxe8 Kxe8 16. Nxh7 Be6 17. Ng5 Bc4 18. Re1 Nd4 19.
Rd1 Ne2+ 20. Kh1 Bxf2 21. Rd2 Be3 22. Rd1 Bb6 23. b3 Bb5 24. c4 Bc6 25. Re1
Nf4 26. Bxf4 exf4 27. e5 Rd8 28. Rad1 Rc8 29. e6 Ke7 30. Re5 Kf6 31. Nf7 f3
32. Nd8 fxg2# { White checkmated } 0-1

[Event "ICC tourney 2556 (25 5)"]
[Site "Internet Chess Club"]
[Date "2021.05.09"]
[Round "8"]
[White "SKOCZYLAS, ALEXANDER:K05-16503528"]
[Black "PAK, KINGSTON:K05-30066451"]
[Result "1-0"]
[ICCResult "Black checkmated"]
[WhiteElo "1001"]
[BlackElo "1303"]
[Opening "Giuoco Piano"]
[ECO "C54"]
[NIC "IG.02"]
[Time "17:30:27"]
[PlyCount "147"]
[TimeControl "1500+5"]

1. e4 e5 2. Nf3 Nc6 3. Bc4 Bc5 4. c3 Nf6 5. d3 Ng4 6. O-O O-O 7. h3 Nf6 8.
Bg5 h6 9. Bh4 b6 10. Nbd2 Bb7 11. Nb3 Be7 12. Re1 d5 13. exd5 Nxd5 14. Bxe7
Ndxe7 15. Qd2 Ng6 16. Rad1 Re8 17. Qe3 Qd6 18. Qe4 Na5 19. Qe3 Nxc4 20.
dxc4 Qf6 21. Nbd2 Rad8 22. Ne4 Qf5 23. Ng3 Qf6 24. Rxd8 Rxd8 25. Ne4 Bxe4
26. Qxe4 Re8 27. Re3 Kf8 28. Kf1 Qf4 29. Qxf4 exf4 30. Rxe8+ Kxe8 31. Nd4
c5 32. Nb3 Ke7 33. Ke2 Ke6 34. Kf3 Kf5 35. g4+ Kg5 36. Nd2 Kh4 37. Kg2 Kg5
38. Nf3+ Kf6 39. h4 Ne5 40. Nxe5 Kxe5 41. Kf3 g5 42. h5 a6 43. a3 b5 44.
cxb5 axb5 45. b3 Kd5 46. a4 bxa4 47. bxa4 Kc4 48. Ke4 f6 49. Kf5 Kd5 50.
Kxf6 Kd6 51. Kg6 Kc6 52. Kxh6 Kb6 53. Kxg5 Ka5 54. h6 Kxa4 55. h7 Kb3 56.
h8=Q c4 57. Kxf4 Kb2 58. g5 Kc2 59. Qd4 Kb3 60. g6 Kc2 61. Qxc4 Kb2 62.
Qb4+ Ka1 63. c4 Ka2 64. c5 Ka1 65. c6 Ka2 66. c7 Ka1 67. c8=Q Ka2 68. Ke5
Ka1 69. Kd6 Ka2 70. Kc7 Ka1 71. Kb7 Ka2 72. Ka7 Ka1 73. Qa8 Ka2 74. Kb7# {
Black checkmated } 1-0

[Event "ICC tourney 2556 (25 5)"]
[Site "Internet Chess Club"]
[Date "2021.05.09"]
[Round "8"]
[White "FRIEDL, WILSON:K05-16885193"]
[Black "WOO, ALEXANDER:K05-17096034"]
[Result "0-1"]
[ICCResult "White checkmated"]
[WhiteElo "493"]
[BlackElo "850"]
[Opening "Queen's pawn game"]
[ECO "D00"]
[NIC "QP.07"]
[Time "17:30:19"]
[PlyCount "60"]
[TimeControl "1500+5"]

1. d4 Nf6 2. Nc3 d5 3. Bf4 Bf5 4. e3 a6 5. Bd3 Bg6 6. Nf3 Nc6 7. O-O Bh5 8.
Be2 e6 9. g3 Bd6 10. Bxd6 Qxd6 11. Re1 O-O-O 12. Ng5 Bxe2 13. Rxe2 Rdf8 14.
a3 h6 15. Nf3 h5 16. h4 g5 17. Nxg5 Ng4 18. b4 f6 19. Nf3 e5 20. b5 Ne7 21.
bxa6 Qxa6 22. dxe5 fxe5 23. Nxe5 Nxe5 24. Nxd5 Nxd5 25. Qxd5 Qxe2 26. Qxe5
Qxf2+ 27. Kh1 Qf3+ 28. Kg1 Rhg8 29. Qe7 Rxg3+ 30. Kh2 Qg2# { White
checkmated } 0-1

[Event "ICC tourney 2556 (25 5)"]
[Site "Internet Chess Club"]
[Date "2021.05.09"]
[Round "8"]
[White "DOPPALAPUDI, ADITH:K05-16534365"]
[Black "SAI POTHABATHULA, RAHUL:K05-17274526"]
[Result "1-0"]
[ICCResult "Black checkmated"]
[WhiteElo "910"]
[BlackElo "1154"]
[Opening "Evans gambit: 5...Be7"]
[ECO "C51"]
[NIC "IG.05"]
[Time "17:30:25"]
[PlyCount "159"]
[TimeControl "1500+5"]

1. Nf3 Nc6 2. e4 e5 3. Bc4 Bc5 4. b4 Bxb4 5. c3 Be7 6. d4 exd4 7. cxd4 d6
8. Qb3 Be6 9. d5 Na5 10. Qb5+ Nc6 11. dxe6 fxe6 12. Be3 Qd7 13. Qxb7 Rb8
14. Qa6 Rb6 15. Bxb6 cxb6 16. O-O Nf6 17. Nbd2 O-O 18. Qb5 Qc7 19. Bxe6+
Kh8 20. Rac1 Qd8 21. Rxc6 Nh5 22. Rc8 Qxc8 23. Bxc8 Rxc8 24. Nb3 Nf4 25.
Rc1 Rf8 26. Rc7 Bf6 27. Qd7 Rd8 28. Rc8 h6 29. Rxd8+ Bxd8 30. Qxd8+ Kh7 31.
Qxd6 Ne2+ 32. Kf1 Nc3 33. Qc7 Nxe4 34. Qxa7 h5 35. Qxb6 h4 36. Qd8 h3 37.
Qd3 hxg2+ 38. Kxg2 g6 39. Qxe4 Kh6 40. Qh4+ Kg7 41. Ng5 Kf6 42. Qf4+ Kg7
43. Qf7+ Kh6 44. h4 Kh5 45. Qh7+ Kg4 46. f3+ Kf5 47. Qf7+ Ke5 48. Qe6+ Kf4
49. Qg4+ Ke5 50. Qd4+ Kf5 51. Qd7+ Ke5 52. Nf7+ Kf6 53. Qd6+ Kg7 54. Ng5
Kh6 55. Qxg6+ Kxg6 56. h5+ Kxh5 57. a4 Kxg5 58. a5 Kf6 59. Nc5 Ke5 60. Ne6
Kd6 61. Nc5 Kc6 62. Kg3 Kb5 63. Kg4 Kxa5 64. f4 Kb6 65. f5 Kc6 66. Kg5 Kd6
67. f6 Ke5 68. f7 Kd6 69. f8=Q+ Kc7 70. Qf6 Kb8 71. Qe7 Kc8 72. Nb3 Kb8 73.
Qd7 Ka8 74. Na1 Kb8 75. Kf5 Ka8 76. Ke5 Kb8 77. Ke6 Ka8 78. Kd6 Kb8 79. Kc6
Ka8 80. Qb7# { Black checkmated } 1-0

[Event "ICC tourney 2556 (25 5)"]
[Site "Internet Chess Club"]
[Date "2021.05.09"]
[Round "8"]
[White "BUPESHNATH, ARJUN:K05-15891702"]
[Black "ARORA, RANBEER:K05-15760434"]
[Result "1-0"]
[ICCResult "Black checkmated"]
[WhiteElo "1035"]
[BlackElo "1521"]
[Opening "Sicilian defense"]
[ECO "B33"]
[NIC "SI.34"]
[Time "17:30:28"]
[PlyCount "59"]
[TimeControl "1500+5"]

1. e4 c5 2. Nf3 Nc6 3. d4 cxd4 4. Nxd4 Nf6 5. Nc3 e6 6. Nf3 Bb4 7. Bd3 d5
8. exd5 Nxd5 9. Bd2 Bxc3 10. bxc3 O-O 11. O-O Qf6 12. c4 Nb6 13. Qe2 Nd4
14. Nxd4 Qxd4 15. Qh5 g6 16. Qf3 f6 17. Bh6 Rf7 18. Qg3 f5 19. Rad1 Qf6 20.
Be2 e5 21. Bg5 Qg7 22. c5 Nd7 23. Bc4 Nxc5 24. Bxf7+ Qxf7 25. Bh6 Ne4 26.
Rd8+ Qe8 27. Qb3+ Be6 28. Qxe6+ Kh8 29. Rxe8+ Rxe8 30. Qxe8# { Black
checkmated } 1-0

[Event "ICC tourney 2556 (25 5)"]
[Site "Internet Chess Club"]
[Date "2021.05.09"]
[Round "8"]
[White "TAITT, ANAIYA:K05-16452296"]
[Black "JAYAPRAKASH, NANDAN:K05-16292014"]
[Result "0-1"]
[ICCResult "White checkmated"]
[WhiteElo "443"]
[BlackElo "848"]
[Opening "Caro-Kann defense"]
[ECO "B10"]
[NIC "CK.01"]
[Time "17:31:00"]
[PlyCount "52"]
[TimeControl "1500+5"]

1. e4 c6 2. Nf3 d5 3. d4 dxe4 4. Ne5 Nf6 5. Nc3 Nbd7 6. Nxd7 Bxd7 7. Bc4 e6
8. O-O Bd6 9. Qe2 b5 10. Bg5 bxc4 11. Nxe4 Be7 12. Bxf6 Bxf6 13. Nd6+ Ke7
14. Nb7 Qb6 15. Nc5 Bxd4 16. Ne4 Qb5 17. Rad1 Bf6 18. Qd2 Rhd8 19. Qd6+ Ke8
20. Qc5 Qxc5 21. Nxc5 Bxb2 22. Rd2 Rab8 23. Rfd1 Bf6 24. Rxd7 Rxd7 25. Rxd7
Rb1+ 26. Rd1 Rxd1# { White checkmated } 0-1

[Event "ICC tourney 2556 (25 5)"]
[Site "Internet Chess Club"]
[Date "2021.05.09"]
[Round "8"]
[White "SHAH, NIKHIL:K05-16252950"]
[Black "MUTHURAMAN, ADWAIYTH:K05-16450607"]
[Result "0-1"]
[ICCResult "White checkmated"]
[WhiteElo "865"]
[BlackElo "499"]
[Opening "Caro-Kann: advance variation"]
[ECO "B12"]
[NIC "CK.02"]
[Time "17:30:32"]
[PlyCount "46"]
[TimeControl "1500+5"]

1. e4 c6 2. d4 d5 3. e5 e6 4. Nf3 c5 5. Be3 cxd4 6. Nxd4 Bc5 7. Bb5+ Bd7 8.
Nxe6 fxe6 9. Bxd7+ Qxd7 10. Bxc5 Nc6 11. Bd4 Nge7 12. Qg4 Nf5 13. Bc3 O-O-O
14. Na3 d4 15. Bb4 Nxb4 16. O-O-O Nxa2+ 17. Kb1 Qd5 18. Qg5 Nb4 19. g4 Qa2+
20. Kc1 d3 21. c3 Qa1+ 22. Kd2 Qxb2+ 23. Ke1 Qe2# { White checkmated } 0-1

[Event "ICC tourney 2556 (25 5)"]
[Site "Internet Chess Club"]
[Date "2021.05.09"]
[Round "8"]
[White "MANIKANDAN, SIDDHARTH:K05-15223658"]
[Black "SANGHANI, RITIKA:K05-16470815"]
[Result "1-0"]
[ICCResult "Black resigns"]
[WhiteElo "1445"]
[BlackElo "1039"]
[Opening "Giuoco Piano"]
[ECO "C54"]
[NIC "IG.02"]
[Time "17:31:00"]
[PlyCount "47"]
[TimeControl "1500+5"]

1. e4 e5 2. Nf3 Nc6 3. Bc4 Bc5 4. c3 Nf6 5. d4 exd4 6. cxd4 Bb4+ 7. Bd2
Nxe4 8. Bxb4 Nxb4 9. Qb3 Nc6 10. Bxf7+ Kf8 11. O-O d5 12. Bxd5 Nd6 13. Nc3
Bd7 14. Rfe1 Qf6 15. Ne5 Qe7 16. Nxc6 Qg5 17. Re5 Qg6 18. Ne7 Qf6 19. Ne4
Qh4 20. Bxb7 Nxb7 21. Qxb7 Re8 22. Qxc7 Rxe7 23. Qd8+ Be8 24. Rf5+ { Black
resigns } 1-0

[Event "ICC tourney 2556 (25 5)"]
[Site "Internet Chess Club"]
[Date "2021.05.09"]
[Round "8"]
[White "SINGHAL, MEENAKSHI:K05-16551160"]
[Black "VU, CAROLINE:K05-16155397"]
[Result "0-1"]
[ICCResult "White checkmated"]
[WhiteElo "603"]
[BlackElo "896"]
[Opening "Giuoco Piano: four knights variation"]
[ECO "C46"]
[NIC "KP.06"]
[Time "17:31:24"]
[PlyCount "52"]
[TimeControl "1500+5"]

1. e4 e5 2. Nf3 Nc6 3. Nc3 Bc5 4. Bc4 Nf6 5. h3 d6 6. d3 h6 7. O-O Be6 8.
Nh4 Qd7 9. Qf3 O-O-O 10. Bb5 a6 11. Ba4 Rdg8 12. Qd1 Qd8 13. Bxc6 bxc6 14.
Qe2 Kd7 15. Be3 Bb6 16. Na4 g5 17. Nf5 Bxf5 18. exf5 g4 19. hxg4 Nxg4 20.
Bxb6 Qh4 21. Nc5+ dxc5 22. Qxg4 Rxg4 23. Bxc5 Rhg8 24. g3 Rxg3+ 25. fxg3
Qxg3+ 26. Kh1 Qg2# { White checkmated } 0-1

[Event "ICC tourney 2556 (25 5)"]
[Site "Internet Chess Club"]
[Date "2021.05.09"]
[Round "8"]
[White "KAZAN, JUDE:K05-16350155"]
[Black "VENKATARAJA, LINGAADYAKSSH:K05-15495814"]
[Result "1-0"]
[ICCResult "Black checkmated"]
[WhiteElo "1655"]
[BlackElo "1352"]
[Opening "St. George (Baker) defense"]
[ECO "B00"]
[NIC "VO.17"]
[Time "17:30:10"]
[PlyCount "69"]
[TimeControl "1500+5"]

1. e4 a6 2. Nc3 b5 3. a3 Bb7 4. f4 e6 5. d4 d6 6. Nf3 Nd7 7. e5 Be7 8. Bd3
f6 9. Nh4 fxe5 10. Qh5+ Kf8 11. Ng6+ hxg6 12. Qxh8 exd4 13. Ne4 d5 14. Ng5
Bxg5 15. fxg5 Ne5 16. Rf1+ Nf7 17. Bxg6 Ke7 18. Rxf7+ Kd6 19. Qxg7 Bc8 20.
Rf8 Qd7 21. Qxd7+ Kxd7 22. Rxg8 Rb8 23. Bf4 Kc6 24. Be8+ Kb6 25. Bd7 Kb7
26. Rxc8 Rxc8 27. Bxc8+ Kxc8 28. g6 Kd7 29. g7 c5 30. g8=Q e5 31. Qxd5+ Kc7
32. Bxe5+ Kb6 33. Qd6+ Ka5 34. Qc7+ Ka4 35. b3# { Black checkmated } 1-0

[Event "ICC tourney 2556 (25 5)"]
[Site "Internet Chess Club"]
[Date "2021.05.09"]
[Round "8"]
[White "MAJUMDAR, ABHI:K05-16196465"]
[Black "KHAN, ARMAAN:K05-16945063"]
[Result "1-0"]
[ICCResult "Black checkmated"]
[WhiteElo "1150"]
[BlackElo "659"]
[Opening "Queen's pawn, Mason variation"]
[ECO "D00"]
[NIC "QP.08"]
[Time "17:32:40"]
[PlyCount "43"]
[TimeControl "1500+5"]

1. d4 d5 2. Bf4 c6 3. e3 Nf6 4. c3 e6 5. Nd2 Be7 6. Ngf3 h6 7. Bd3 O-O 8.
Ne5 Nbd7 9. Qf3 Nxe5 10. dxe5 Nd7 11. O-O-O Nc5 12. e4 dxe4 13. Nxe4 Nxe4
14. Bxe4 Qb6 15. Qg3 g5 16. h4 Rd8 17. Rxd8+ Qxd8 18. hxg5 Bxg5 19. Rxh6
Kf8 20. Rh8+ Ke7 21. Qxg5+ Kd7 22. Qxd8# { Black checkmated } 1-0

[Event "ICC tourney 2556 (25 5)"]
[Site "Internet Chess Club"]
[Date "2021.05.09"]
[Round "8"]
[White "J WILLIAMS, CHRISTOPHER:K05-16250362"]
[Black "MUKHILAN A SAMPATH, KAVIN:K05-30070336"]
[Result "1-0"]
[ICCResult "Black resigns"]
[WhiteElo "1519"]
[BlackElo "1105"]
[Opening "Ruy Lopez: Berlin defense, 4.O-O"]
[ECO "C65"]
[NIC "RL.07"]
[Time "17:30:45"]
[PlyCount "55"]
[TimeControl "1500+5"]

1. e4 e5 2. Nf3 Nc6 3. Bb5 Nf6 4. O-O a6 5. Bxc6 dxc6 6. Nxe5 Be7 7. Nc3
O-O 8. d4 Bd6 9. Nf3 Bb4 10. Re1 Re8 11. Bg5 Bxc3 12. bxc3 h6 13. Bh4 g5
14. Nxg5 hxg5 15. Bxg5 Bg4 16. Qd3 Bh5 17. e5 Bg6 18. Qd2 Ne4 19. Rxe4 Bxe4
20. Bxd8 Raxd8 21. Qg5+ Bg6 22. h4 Kh7 23. f4 Rg8 24. f5 Rdf8 25. fxg6+
Rxg6 26. Qe7 Rfg8 27. Qxf7+ R8g7 28. Qf3 { Black resigns } 1-0

[Event "ICC tourney 2556 (25 5)"]
[Site "Internet Chess Club"]
[Date "2021.05.09"]
[Round "8"]
[White "ROLDAN, JAIR:K05-16274148"]
[Black "JIN, MICHAEL:K05-16010553"]
[Result "0-1"]
[ICCResult "White checkmated"]
[WhiteElo "965"]
[BlackElo "475"]
[Opening "Petrov three knights game"]
[ECO "C42"]
[NIC "RG.01"]
[Time "17:31:05"]
[PlyCount "70"]
[TimeControl "1500+5"]

1. e4 e5 2. Nf3 Nf6 3. Nc3 Bc5 4. d4 exd4 5. Nxd4 Bb4 6. Bd2 Bxc3 7. Bxc3
Nxe4 8. Bc4 d5 9. Bd3 O-O 10. O-O h6 11. Re1 Re8 12. Qf3 Qe7 13. Re2 Nd7
14. Rae1 Ndf6 15. Nf5 Qe6 16. Nd4 Qe7 17. Nf5 Qe6 18. Nd4 Qe5 19. Nb5 Qe7
20. Bxf6 Qxf6 21. Qxf6 gxf6 22. Bxe4 dxe4 23. Nxc7 Bg4 24. Nxe8 Bxe2 25.
Nxf6+ Kg7 26. Rxe2 Kxf6 27. Rxe4 Rd8 28. g3 Kf5 29. Re7 f6 30. Rxb7 Kg4 31.
Rxa7 Kh3 32. f4 Rd2 33. Rh7 Kg4 34. Rxh6 Kf3 35. Rxf6 Rd1# { White
checkmated } 0-1

[Event "ICC tourney 2556 (25 5)"]
[Site "Internet Chess Club"]
[Date "2021.05.09"]
[Round "8"]
[White "RAMIREDDY, ABHINAV:K05-16502971"]
[Black "AMRANY, BENJAMIN:K05-17261253"]
[Result "1-0"]
[ICCResult "Black resigns"]
[WhiteElo "912"]
[BlackElo "1241"]
[Opening "Scotch game"]
[ECO "C45"]
[NIC "SO.05"]
[Time "17:30:23"]
[PlyCount "69"]
[TimeControl "1500+5"]

1. e4 e5 2. Nf3 Nc6 3. d4 exd4 4. Nxd4 Bc5 5. Be3 Qf6 6. Nxc6 Bxe3 7. fxe3
dxc6 8. Nc3 Be6 9. Bd3 Nh6 10. Qf3 Qh4+ 11. g3 Qg4 12. Qxg4 Nxg4 13. Nd1
Ne5 14. O-O Rd8 15. Nf2 O-O 16. Rfd1 Ng4 17. Nxg4 Bxg4 18. Rd2 Rfe8 19. Kg2
Rxe4 20. h3 Bf5 21. Rad1 Rxe3 22. Bxf5 Rxd2+ 23. Rxd2 g6 24. Bc8 b6 25. Bd7
c5 26. Ba4 Re7 27. Kf3 Kg7 28. g4 Kf6 29. h4 h6 30. Kf4 g5+ 31. hxg5+ hxg5+
32. Kg3 Kg6 33. c4 Re3+ 34. Kf2 Re4 35. Bc2 { Black resigns } 1-0

[Event "ICC tourney 2556 (25 5)"]
[Site "Internet Chess Club"]
[Date "2021.05.09"]
[Round "8"]
[White "SFORZA, HUNTER:K05-30100050"]
[Black "WILSON, HANSEN:K05-16811481"]
[Result "1-0"]
[ICCResult "Black checkmated"]
[WhiteElo "692"]
[BlackElo "903"]
[Opening "Ruy Lopez: Berlin defense"]
[ECO "C65"]
[NIC "RL.07"]
[Time "17:30:38"]
[PlyCount "63"]
[TimeControl "1500+5"]

1. e4 e5 2. Nf3 Nc6 3. Bb5 Nf6 4. d3 Bd6 5. Nc3 O-O 6. Be3 a6 7. Ba4 b5 8.
Bb3 a5 9. Nxb5 a4 10. Bc4 Ba6 11. Nxd6 Bxc4 12. Nxc4 d5 13. Ncxe5 Nxe5 14.
Nxe5 d4 15. Bg5 Qd6 16. Bxf6 Qxf6 17. Nf3 Rfe8 18. O-O Ra5 19. c3 dxc3 20.
bxc3 a3 21. Qc2 Rh5 22. Rab1 Qf4 23. Qb3 c5 24. Qxa3 h6 25. Rfe1 g5 26. h3
g4 27. hxg4 Qxg4 28. Qa4 Ree5 29. Nxe5 Qh4 30. Qe8+ Kh7 31. Qxf7+ Kh8 32.
Ng6# { Black checkmated } 1-0

[Event "ICC tourney 2556 (25 5)"]
[Site "Internet Chess Club"]
[Date "2021.05.09"]
[Round "8"]
[White "SUNDEEP, SASHA:K05-17150715"]
[Black "ENRIQUEZ, EULALIO:K05-16621387"]
[Result "1-0"]
[ICCResult "Black checkmated"]
[WhiteElo "481"]
[BlackElo "1071"]
[Opening "Sicilian: closed, 2...Nc6"]
[ECO "B23"]
[NIC "SI.44"]
[Time "17:33:00"]
[PlyCount "43"]
[TimeControl "1500+5"]

1. e4 c5 2. Nc3 Nc6 3. Nf3 Nf6 4. Bc4 e5 5. d3 Nd4 6. Nxd4 cxd4 7. Nd5 Nxd5
8. Bxd5 Bb4+ 9. c3 dxc3 10. bxc3 Bxc3+ 11. Bd2 Bxa1 12. Qxa1 d6 13. Qd1 Rb8
14. Qf3 O-O 15. Qg3 g6 16. Bg5 Qa5+ 17. Bd2 Qd8 18. Bh6 Re8 19. O-O Qd7 20.
Qf3 Re7 21. Qf6 Qe6 22. Qg7# { Black checkmated } 1-0

[Event "ICC tourney 2556 (25 5)"]
[Site "Internet Chess Club"]
[Date "2021.05.09"]
[Round "8"]
[White "XIE, ANDREW:K05-16610874"]
[Black "JANI, SONAM:K05-16948743"]
[Result "1-0"]
[ICCResult "Black checkmated"]
[WhiteElo "834"]
[BlackElo "399"]
[Opening "King's pawn game"]
[ECO "C21"]
[NIC "KP.10"]
[Time "17:30:20"]
[PlyCount "65"]
[TimeControl "1500+5"]

1. e4 e5 2. d4 Nc6 3. d5 Nce7 4. Bg5 h6 5. Bh4 g5 6. Bg3 h5 7. Bxe5 Nf6 8.
Bxf6 Rg8 9. Qxh5 d6 10. Bb5+ Bd7 11. Bc4 c6 12. dxc6 Bxc6 13. Qxf7+ Kd7 14.
Bxe7 Bxe7 15. Qxg8 Qxg8 16. Bxg8 Rxg8 17. Nc3 b5 18. Rd1 b4 19. Nd5 Bxd5
20. Rxd5 g4 21. Ne2 Rg6 22. Nf4 Rf6 23. Nh5 Re6 24. Ng7 Rf6 25. O-O Kc6 26.
Rd4 Kc5 27. Rfd1 Kc6 28. Rxb4 Rg6 29. Nf5 Rf6 30. Nxe7+ Kd7 31. Rb7+ Ke6
32. Nc6 a6 33. Re7# { Black checkmated } 1-0

[Event "ICC tourney 2556 (25 5)"]
[Site "Internet Chess Club"]
[Date "2021.05.09"]
[Round "8"]
[White "OSCAR LI, JINGTU:K05-16113408"]
[Black "GIORGIO TESSIORE, LUCA:K05-17347744"]
[Result "0-1"]
[ICCResult "White checkmated"]
[WhiteElo "1407"]
[BlackElo "1914"]
[Opening "Dutch: Staunton gambit"]
[ECO "A82"]
[NIC "HD.11"]
[Time "17:31:22"]
[PlyCount "54"]
[TimeControl "1500+5"]

1. d4 f5 2. e4 fxe4 3. Nc3 Nf6 4. f3 d5 5. Bg5 Nc6 6. Bb5 Qd6 7. Bxc6+ Qxc6
8. Bxf6 exf6 9. fxe4 Bb4 10. Ne2 dxe4 11. O-O O-O 12. d5 Qb6+ 13. Qd4 Bc5
14. Qxc5 Qxc5+ 15. Kh1 f5 16. Ng3 Bd7 17. Rad1 Rae8 18. Rfe1 a6 19. h3 Qd6
20. Nge2 f4 21. Nd4 f3 22. Rxe4 fxg2+ 23. Kxg2 Qg6+ 24. Rg4 Bxg4 25. hxg4
Qxg4+ 26. Kh2 Rf2+ 27. Kh1 Qg2# { White checkmated } 0-1

[Event "ICC tourney 2556 (25 5)"]
[Site "Internet Chess Club"]
[Date "2021.05.09"]
[Round "8"]
[White "DAVID YAN BO KOTCHEN, AARON:K05-16524882"]
[Black "AGARWAL, VISHISHT:K05-17044688"]
[Result "1-0"]
[ICCResult "Black checkmated"]
[WhiteElo "1523"]
[BlackElo "893"]
[Opening "Center game: Paulsen attack"]
[ECO "C22"]
[NIC "KP.04"]
[Time "17:30:49"]
[PlyCount "55"]
[TimeControl "1500+5"]

1. e4 e5 2. d4 exd4 3. Qxd4 Nc6 4. Qe3 b6 5. Nc3 Bc5 6. Qg3 Qf6 7. Nd5
Bxf2+ 8. Qxf2 Qe5 9. Qg3 Qxe4+ 10. Qe3 Qxe3+ 11. Bxe3 Kd8 12. Nf3 Bb7 13.
Ng5 Nce7 14. Nxf7+ Ke8 15. Nxc7+ Kxf7 16. Bc4+ d5 17. O-O+ Kg6 18. Bd3+ Kh5
19. Nxa8 Bxa8 20. Rf7 Ng6 21. Rxa7 Bc6 22. Rxg7 Kh4 23. Rf1 Kh5 24. Bxg6+
hxg6 25. Rf3 Kg4 26. Rxg6+ Kh5 27. Rg5+ Kh6 28. Rh3# { Black checkmated }
1-0

[Event "ICC tourney 2556 (25 5)"]
[Site "Internet Chess Club"]
[Date "2021.05.09"]
[Round "8"]
[White "DEVARAJ, SIRI:K05-16369654"]
[Black "DESHPANDE, OJAS AMIT:K05-16725875"]
[Result "1-0"]
[ICCResult "Black checkmated"]
[WhiteElo "1077"]
[BlackElo "829"]
[Opening "Two knights defense (Modern bishop's opening)"]
[ECO "C55"]
[NIC "IG.01"]
[Time "17:31:40"]
[PlyCount "59"]
[TimeControl "1500+5"]

1. e4 e5 2. Nf3 Nc6 3. Bc4 Nf6 4. d3 Be7 5. O-O O-O 6. Nc3 d6 7. h3 Re8 8.
Be3 Bf8 9. Qd2 Be6 10. Bb5 a6 11. Bxc6 bxc6 12. Bg5 Be7 13. Rfd1 Nd7 14.
Bxe7 Qxe7 15. Ng5 Nb6 16. Nxe6 Qxe6 17. d4 Nc4 18. d5 cxd5 19. exd5 Qe7 20.
Qc1 e4 21. b3 Nb6 22. Qe3 Nd7 23. Rd4 Nf6 24. Re1 c5 25. dxc6 Ra7 26. Nxe4
Nxe4 27. Rxe4 Qxe4 28. Qxe4 Rxe4 29. Rxe4 Rc7 30. Re8# { Black checkmated }
1-0

[Event "ICC tourney 2556 (25 5)"]
[Site "Internet Chess Club"]
[Date "2021.05.09"]
[Round "8"]
[White "KRISHNAN, MIHIKA:K05-16596204"]
[Black "W ZHANG, ETHAN:K05-17088714"]
[Result "1-0"]
[ICCResult "Black checkmated"]
[WhiteElo "1094"]
[BlackElo "839"]
[Opening "Queen's gambit declined"]
[ECO "D30"]
[NIC "QP.08"]
[Time "17:30:25"]
[PlyCount "89"]
[TimeControl "1500+5"]

1. d4 d5 2. c4 e6 3. e3 Nf6 4. Nc3 Be7 5. Nf3 O-O 6. Bd3 c5 7. O-O Nc6 8.
b3 b6 9. Re1 Bb7 10. Bb2 Rc8 11. Rc1 Qd7 12. e4 dxe4 13. Nxe4 Nxe4 14. Bxe4
f5 15. Bc2 Bf6 16. Rb1 Rcd8 17. dxc5 Qxd1 18. Rexd1 Rxd1+ 19. Bxd1 Bxb2 20.
Rxb2 bxc5 21. Re2 Rd8 22. Re1 Nd4 23. h3 Nxf3+ 24. Bxf3 Bxf3 25. gxf3 Kf7
26. Re5 Rd2 27. Rxc5 Rxa2 28. Rc7+ Kf6 29. c5 Rc2 30. c6 Ke5 31. Rxa7 Rxc6
32. Rxg7 Rc3 33. Rxh7 Rxf3 34. Rb7 Rxh3 35. Kg2 Rd3 36. b4 Rb3 37. b5 Kf4
38. b6 e5 39. Rb8 e4 40. b7 e3 41. fxe3+ Kg4 42. Rg8+ Kh4 43. b8=Q Rxe3 44.
Qh2+ Rh3 45. Qxh3# { Black checkmated } 1-0

[Event "ICC tourney 2556 (25 5)"]
[Site "Internet Chess Club"]
[Date "2021.05.09"]
[Round "8"]
[White "MCGRORY, EAMONN:K05-16885888"]
[Black "SHASTI RAVISHANKAR, SEIYON:K05-17047610"]
[Result "1-0"]
[ICCResult "Black checkmated"]
[WhiteElo "357"]
[BlackElo "705"]
[Opening "Giuoco Pianissimo: Italian four knights variation"]
[ECO "C50"]
[NIC "IG.02"]
[Time "17:34:30"]
[PlyCount "41"]
[TimeControl "1500+5"]

1. e4 e5 2. Nf3 Nc6 3. Bc4 Bc5 4. Nc3 Nf6 5. d3 O-O 6. O-O d6 7. Bg5 h6 8.
Bxf6 Qxf6 9. Nd5 Qd8 10. Qd2 Qd7 11. Nf6+ gxf6 12. Qxh6 Nb4 13. Qg6+ Kh8
14. Rfe1 fxg6 15. Nh4 Kh7 16. d4 Bxd4 17. c3 Nc2 18. Re3 Nxa1 19. Rg3 Bc5
20. Rh3 Qa4 21. Nf5# { Black checkmated } 1-0